Map: Arctic Dream LE

Players

KingLouie - Winner!

  • Race: Zerg Zerg
  • League: Diamond
  • Spawn Location: 5:00

BigGabe - Winner!

  • Race: Terran Terran
  • League: Platinum
  • Spawn Location: 6:00

Massa

  • Race: Terran Terran
  • League: Platinum
  • Spawn Location: 12:00

qqq

  • Race: Zerg Zerg
  • Spawn Location: 11:00

VOD

Have the link to the VOD?

Description

Time

  • Played on: Feb. 25, 2021, 3:08 p.m.
  • Length: 16:15
Show
View Real Time Build Order
Export as new Build Order

KingLouie Zerg - Winner!

Build Orders: Hatch First 

Get SALT Encoding   

  12  0:00  Drone  
  13  0:12  Overlord  
  13  0:20  Drone  
  14  0:31  Drone x2  
  16  0:48  Hatchery  
  15  0:53  Drone  
  15  0:55  Drone  
  17  0:59  Drone  
  18  1:10  Extractor  
  17  1:16  Spawning Pool  
  17  1:18  Drone  
  17  1:22  Drone  
  18  1:28  Drone  
  19  1:42  Drone  
  20  1:52  Overlord  
  20  2:03  Queen x2, Zergling x4  
  26  2:14  Metabolic Boost  
  26  2:15  Zergling x4  
  27  2:21  Drone  
  29  2:25  Drone  
  30  2:32  Drone  
  30  2:33  Drone  
  32  2:48  Hatchery  
  32  2:49  Overlord  
  31  2:57  Drone x3  
  34  3:08  Drone x2  
  34  3:31  Queen  
  34  3:33  Roach Warren  
  35  3:34  Drone x3  
  35  3:35  Drone x3  
  35  3:40  Overlord  
  41  3:46  Overlord  
  41  3:52  Drone x2  
  41  3:54  Extractor  
  42  3:56  Lair  
  42  3:58  Drone  
  42  4:01  Queen  
  45  4:14  Roach x3  
  45  4:15  Roach x3  
  55  4:24  Zergling x6  
  55  4:25  Zergling x4  
  55  4:26  Zergling x2  
  49  4:39  Zergling x10  
  46  4:45  Zergling x2  
  46  4:46  Zergling x2  
  38  5:04  Drone x3  
  38  5:05  Drone x3  
  44  5:19  Queen  
  44  5:20  Drone x2  
  44  5:21  Drone x4  
  52  5:35  Roach x4  
  60  5:43  Roach x3  
  62  5:54  Roach  
  64  5:58  Evolution Chamber, Overlord x2  
  64  6:00  Drone, Evolution Chamber  
  64  6:02  Drone  
  64  6:05  Glial Reconstitution  
  64  6:12  Overlord  
  64  6:30  Zergling x2  
  64  6:31  Zergling x22  
  73  6:35  Zerg Missile Weapons Level 1  
  73  6:38  Drone x2  
  75  6:41  Extractor  
  75  6:43  Extractor  
  75  6:44  Drone x2  
  75  6:57  Roach  
  75  6:58  Roach x4  
  84  7:13  Overseer  
  84  7:14  Zerg Ground Armor Level 1  
  84  7:20  Zergling x10  
  84  7:21  Zergling x2  
  90  7:26  Overlord x2  
  90  7:27  Overlord  
  90  7:43  Queen  
  89  7:47  Drone x5  
  89  7:48  Drone x7  
  101  7:59  Roach x4  
  93  8:23  Roach x4  
  93  8:24  Roach x6  
  93  8:25  Zergling x2  
  111  8:38  Drone  
  111  8:39  Drone x2  
  111  8:40  Drone x3  
  105  8:44  Zerg Melee Weapons Level 1  
  91  8:59  Drone x5  
  91  9:00  Baneling Nest  
  91  9:01  Extractor  
  94  9:03  Extractor  
  94  9:06  Spore Crawler  
  94  9:08  Overlord x3  
  92  9:15  Spore Crawler  
  91  9:33  Zergling x26  
  104  9:40  Hatchery  
  104  9:41  Roach  
  104  9:42  Roach x2  
  104  9:45  Overseer  
  109  9:56  Hatchery, Extractor  
  109  9:59  Extractor  
  106  10:03  Zergling x14  
  106  10:04  Zergling x4  
  114  10:15  Centrifical Hooks  
  114  10:16  Drone x3  
  114  10:17  Drone x3  
  100  10:37  Zergling x14  
  107  10:43  Drone x2  
  107  10:48  Queen  
  101  10:50  Overlord x4  
  101  11:00  Roach  
  101  11:01  Roach x8  
  113  11:09  Zerg Ground Armor Level 2, Zerg Missile Weapons Level 2  
  113  11:10  Hydralisk Den  
  113  11:11  Spore Crawler  
  112  11:25  Drone, Spore Crawler  
  112  11:26  Drone, Spore Crawler  
  112  11:32  Spore Crawler  
  110  11:34  Spore Crawler  
  110  11:35  Spine Crawler  
  110  11:39  Spore Crawler  
  107  11:40  Hydralisk x3, Grooved Spines  
  107  11:41  Hydralisk x8  
  129  11:49  Ravager  
  130  11:57  Spore Crawler  
  130  11:58  Drone  
  130  11:59  Drone x5  
  130  12:01  Baneling x12  
  136  12:02  Baneling  
  136  12:28  Roach x2  
  136  12:29  Roach x9  
  158  12:30  Roach  
  160  12:49  Drone  
  161  12:51  Muscular Augments  
  161  12:57  Hydralisk x5  
  161  12:58  Hydralisk  
  173  13:05  Hatchery  
  172  13:16  Drone  
  172  13:17  Spire  
  172  13:29  Overlord x4  
  172  13:30  Overlord x3  
  124  14:01  Zergling x2  
  124  14:02  Zergling x30  
  128  14:03  Zergling x32  
  144  14:13  Lurker Den  
  144  14:16  Drone  
  144  14:17  Drone x3  
  146  14:18  Drone x3  
  146  14:19  Drone x2  
  146  14:20  Drone  
  153  14:25  Baneling x13  
  153  14:26  Baneling x11  
  153  14:27  Baneling  
  153  14:30  Drone  
  154  14:47  Drone x3  
  154  14:48  Drone x5  
  154  14:50  Drone  
  163  15:00  Hatchery, Hydralisk  
  163  15:01  Hydralisk x5  
  163  15:03  Ravager x3  
  163  15:04  Ravager x5  
  163  15:05  Ravager  
  183  15:20  Zergling x2  
  183  15:21  Zergling x28  
  192  15:28  Drone  
  199  15:29  Infestation Pit  
  199  15:35  Spore Crawler  
  197  15:38  Spore Crawler  
  197  15:42  Overseer  
  183  15:52  Zergling x2  
  183  15:53  Zergling x36  
  183  15:54  Zergling x12  
Show
View Real Time Build Order
Export as new Build Order

BigGabe Terran - Winner!

Build Orders:  

Get SALT Encoding   

  12  0:00  SCV  
  13  0:12  SCV  
  14  0:17  Supply Depot  
  14  0:24  SCV  
  15  0:39  SCV  
  15  0:40  Barracks  
  16  0:44  Refinery  
  16  0:51  SCV  
  17  1:03  SCV  
  18  1:15  SCV  
  19  1:29  Orbital Command, Reaper  
  20  1:55  SCV  
  21  2:01  Marine  
  21  2:07  SCV  
  23  2:08  Command Center  
  23  2:11  Refinery  
  23  2:12  Supply Depot  
  23  2:20  Factory  
  23  2:26  Supply Depot  
  23  2:33  Marine  
  23  2:34  SCV  
  25  2:46  SCV  
  26  2:58  SCV  
  27  2:59  Barracks Reactor  
  27  3:08  Factory Tech Lab  
  27  3:10  SCV  
  27  3:22  SCV  
  27  3:23  Orbital Command  
  27  3:25  Starport  
  28  3:29  Bunker  
  28  3:34  SCV, Siege Tank  
  28  3:35  Marine x2  
  34  3:42  Supply Depot  
  34  3:46  SCV  
  35  3:51  SCV  
  35  3:53  Marine x2  
  38  3:58  SCV  
  39  4:03  SCV  
  39  4:04  Engineering Bay, Viking  
  42  4:11  Marine  
  42  4:12  SCV  
  42  4:14  Marine  
  42  4:16  SCV  
  46  4:24  SCV  
  46  4:29  Marine, Siege Tank  
  51  4:31  Marine  
  51  4:34  SCV  
  51  4:36  Refinery  
  49  5:02  SCV  
  49  5:03  SCV  
  51  5:07  Starport Reactor  
  51  5:09  Terran Infantry Weapons Level 1  
  51  5:11  Barracks  
  51  5:15  SCV x2  
  51  5:17  Barracks  
  51  5:19  Command Center  
  51  5:21  Refinery, Barracks  
  53  5:24  Barracks  
  53  5:26  Missile Turret  
  53  5:27  SCV x2  
  55  5:31  Marine x2  
  55  5:34  Engineering Bay  
  57  5:39  SCV x2  
  59  5:49  Marine x2  
  61  5:53  SCV  
  61  5:57  Supply Depot  
  62  5:58  Supply Depot  
  62  6:03  Terran Infantry Armor Level 1  
  62  6:05  Barracks Tech Lab  
  62  6:10  Liberator  
  62  6:11  Marine  
  62  6:17  SCV x2  
  62  6:18  Liberator  
  60  6:30  Marine  
  60  6:31  Marauder, Marine  
  63  6:33  Barracks Tech Lab  
  63  6:35  Barracks Reactor  
  63  6:36  Barracks Reactor  
  63  6:37  Stimpack  
  63  6:39  SCV x2  
  63  6:51  SCV x2, Orbital Command  
  65  7:03  SCV x2  
  65  7:08  Marauder x2, Marine x2  
  73  7:15  SCV x2, Marine x3  
  75  7:19  SCV  
  79  7:25  Marine  
  79  7:27  SCV x2  
  68  7:31  SCV  
  59  7:38  Marauder, Marine x5  
  59  7:39  SCV, Marine  
  59  7:43  Marine  
  68  7:49  Siege Tank  
  71  7:55  Refinery, SCV x3  
  71  7:57  Refinery, Marauder, Supply Depot  
  76  7:59  Marauder  
  78  8:07  SCV x3  
  78  8:11  Armory  
  78  8:12  Marine, Supply Depot  
  82  8:18  Marauder  
  82  8:19  SCV, Supply Depot  
  85  8:20  SCV  
  85  8:21  Marauder, Siege Tank  
  85  8:23  Marine x2  
  85  8:24  Marine  
  94  8:33  Reaper, Marine  
  96  8:40  Marauder  
  98  8:42  Marauder  
  98  8:47  Marine  
  98  8:48  Marine x3  
  104  8:49  Medivac  
  104  8:52  SCV x2  
  104  8:53  SCV  
  106  8:56  Marine  
  106  9:00  Supply Depot  
  106  9:01  Marauder  
  109  9:04  SCV, Marauder, Supply Depot  
  109  9:05  SCV  
  110  9:14  Marine x4  
  114  9:18  SCV x3  
  114  9:23  Marauder  
  119  9:25  Marauder  
  121  9:32  Marine x3  
  121  9:35  Viking x2  
  121  9:36  SCV x3  
  131  9:38  Terran Vehicle Weapons Level 1  
  131  9:39  Starport  
  131  9:44  Marauder  
  133  10:03  Starport  
  133  10:13  Supply Depot x2  
  133  10:15  Starport Tech Lab, Supply Depot  
  133  10:19  Fusion Core  
  133  10:20  Barracks  
  133  10:31  Marine x2  
  133  10:34  SCV x3, Marine x4  
  133  10:35  Marauder x2, Medivac x2  
  148  10:40  Liberator  
  151  10:43  Supply Depot  
  151  10:47  SCV x2  
  151  10:49  Marine x2  
  154  10:52  Marine x3  
  157  11:04  Terran Infantry Weapons Level 2  
  157  11:05  Terran Infantry Armor Level 2, Liberator, Marauder x2, Marine  
  157  11:06  Factory  
  157  11:07  Supply Depot  
  165  11:16  Missile Turret  
  165  11:17  Liberator, Marine x5  
  173  11:19  Missile Turret  
  173  11:20  Missile Turret x2  
  173  11:24  Barracks Reactor, Marine, Command Center  
  174  11:27  Marauder x2  
  174  11:29  Medivac  
  174  11:32  Supply Depot  
  180  11:34  Marine, Concussive Shells  
  180  11:36  Combat Shield  
  181  11:41  SCV x3  
  184  11:47  Marine x2  
  184  11:48  Marauder  
  184  11:50  Factory Tech Lab  
  190  11:54  Marauder  
  190  11:58  Missile Turret  
  190  11:59  Terran Vehicle And Ship Armor Level 1, Missile Turret  
  190  12:01  Supply Depot  
  190  12:02  Marine  
  191  12:10  Marauder  
  193  12:22  Marauder, Marine x2  
  197  12:23  Marine  
  196  12:45  SCV x3  
  196  12:51  Marauder  
  181  13:24  Marauder, Marine x3  
  181  13:25  Marine x2  
  180  13:29  Marauder, Marine x3  
  180  13:30  Thor x2  
  180  13:33  Planetary Fortress  
  194  13:35  SCV x3  
  197  13:42  Marine  
  197  13:43  Marine x2  
  200  13:54  Terran Vehicle Weapons Level 2  
  200  14:16  Command Center  
  200  14:19  Refinery  
  200  14:20  Refinery  
  200  14:27  Smart Servos  
  186  14:42  Marauder x2  
  177  15:03  Marauder x2, Marine x5  
  177  15:04  Siege Tank x2  
  192  15:13  SCV  
  193  15:25  Marauder x2  
  197  15:29  Barracks  
  197  15:30  Barracks  
  197  15:31  Barracks  
  197  15:34  Medivac  
Show
View Real Time Build Order
Export as new Build Order

Massa Terran 

Build Orders: 2 Factory 

Get SALT Encoding   

  12  0:00  SCV  
  13  0:12  SCV  
  14  0:17  Supply Depot  
  14  0:24  SCV  
  15  0:39  SCV  
  15  0:40  Barracks  
  16  0:47  Refinery  
  16  0:51  SCV  
  17  1:03  SCV  
  18  1:16  SCV  
  19  1:28  SCV  
  19  1:32  Barracks Reactor  
  20  1:40  Orbital Command  
  20  1:59  Command Center  
  20  2:08  Reaper, Marine  
  21  2:09  SCV  
  23  2:16  Supply Depot  
  23  2:22  SCV  
  23  2:34  Factory  
  23  2:38  Marine  
  23  2:43  SCV  
  25  2:45  Refinery, Marine  
  26  2:51  Supply Depot  
  26  2:55  Marine  
  27  3:01  Factory  
  27  3:03  Marine  
  28  3:13  Marine  
  29  3:20  Hellion  
  29  3:21  Marine  
  32  3:45  Factory Tech Lab  
  32  3:49  Barracks Tech Lab  
  32  3:50  SCV  
  32  3:52  Orbital Command  
  33  3:56  Hellion x2  
  33  4:02  SCV  
  38  4:04  Infernal Pre-Igniter  
  38  4:06  Hellion  
  40  4:10  Marine, Stimpack  
  40  4:14  SCV  
  42  4:18  Hellion x2  
  46  4:27  Hellion  
  46  4:29  SCV x2  
  50  4:35  Engineering Bay  
  50  4:41  SCV x2  
  45  4:59  Hellion  
  51  5:00  Hellion x2  
  51  5:05  Marine  
  50  5:11  Terran Infantry Weapons Level 1  
  50  5:12  Barracks  
  50  5:13  SCV x2  
  52  5:14  Barracks  
  52  5:17  Refinery  
  52  5:21  Hellion  
  54  5:32  Supply Depot  
  54  5:34  Supply Depot x2  
  54  5:35  Supply Depot  
  54  5:37  Missile Turret  
  54  5:53  Marine  
  54  5:54  SCV x2  
  54  5:57  Siege Tank  
  60  5:58  Widow Mine x2  
  60  6:02  Combat Shield  
  64  6:04  Barracks Tech Lab  
  64  6:05  Barracks Reactor  
  56  6:29  Siege Tank  
  57  6:39  Concussive Shells  
  57  6:40  Marauder  
  57  6:41  Marine x2  
  57  6:46  Command Center  
  61  6:50  Armory  
  61  6:51  SCV  
  62  6:57  SCV  
  62  6:59  Marine x2  
  62  7:01  Siege Tank  
  68  7:02  Marauder, Missile Turret  
  68  7:03  SCV  
  71  7:09  SCV  
  71  7:15  Marauder  
  72  7:16  Marine  
  72  7:17  Marine  
  72  7:18  Widow Mine  
  76  7:23  Marauder  
  76  7:29  Widow Mine  
  80  7:33  Siege Tank  
  80  7:34  Starport, Marine x2  
  85  7:45  Supply Depot  
  85  7:47  Refinery, Supply Depot  
  85  7:48  Terran Infantry Armor Level 1  
  85  7:54  Engineering Bay  
  87  7:58  Marauder  
  87  8:02  Marauder, Marine x2  
  91  8:09  Supply Depot  
  91  8:10  Supply Depot  
  93  8:20  Marauder, Marine x2, Siege Tank  
  93  8:21  Widow Mine x2  
  93  8:24  Marauder  
  98  8:41  Marauder  
  96  8:51  Starport Reactor  
  96  8:52  Planetary Fortress  
  96  8:54  SCV  
  96  8:55  SCV  
  98  9:06  SCV  
  98  9:07  Smart Servos, SCV  
  100  9:18  SCV  
  100  9:19  Refinery, SCV  
  100  9:22  Refinery  
  102  9:25  Command Center  
  102  9:29  SCV  
  102  9:30  SCV  
  102  9:31  SCV  
  105  9:35  Medivac x2  
  105  9:37  Marauder x2, Marine x2  
  115  9:41  SCV  
  115  9:42  SCV  
  115  9:43  SCV, Barracks  
  118  9:49  Barracks  
  118  9:55  SCV x2, Marine  
  118  9:58  Marauder  
  123  10:05  Medivac  
  125  10:25  Drilling Claws  
  124  10:32  Medivac  
  124  10:34  Barracks Tech Lab, Marauder x2, Marine, Medivac  
  133  10:37  Marine  
  132  10:44  Supply Depot x2  
  132  10:52  Marine  
  132  10:55  Marauder, Marine  
  134  11:03  Barracks Reactor  
  132  11:08  Supply Depot  
  132  11:09  Barracks  
  132  11:11  Barracks  
  132  11:12  Supply Depot  
  132  11:15  Barracks  
  132  11:28  Sensor Tower  
  132  11:31  Terran Infantry Armor Level 2, Terran Infantry Weapons Level 2  
  132  11:33  Sensor Tower, Terran Vehicle And Ship Armor Level 1, Supply Depot  
  132  11:39  Missile Turret  
  132  11:41  SCV x3, Missile Turret  
  135  11:53  SCV x2  
  137  11:56  SCV  
  139  12:02  Planetary Fortress, Missile Turret  
  139  12:05  SCV x2  
  139  12:08  SCV  
  141  12:17  SCV  
  141  12:18  SCV  
  134  12:47  Medivac x2  
  137  12:54  Barracks Reactor, Barracks Tech Lab x2  
  137  13:17  Medivac x2  
  141  13:37  Marauder x5, Marine x4  
  147  13:55  Widow Mine x2, Siege Tank  
  150  14:09  Command Center  
  152  14:17  Widow Mine  
  152  14:20  Command Center  
  152  14:27  Siege Tank  
  155  14:48  SCV x3  
  158  14:59  Siege Tank  
  161  15:00  SCV x2  
  161  15:01  SCV  
  164  15:12  SCV  
  164  15:13  SCV x2  
  167  15:21  Widow Mine x2  
  171  15:31  Siege Tank  
Show
View Real Time Build Order
Export as new Build Order

qqq Zerg 

Build Orders: Hatch First, Brood Lord Corruptor 

Get SALT Encoding   

  12  0:00  Drone  
  13  0:08  Drone  
  14  0:23  Overlord  
  14  0:44  Hatchery  
  14  0:49  Drone  
  14  0:51  Drone  
  14  0:56  Drone  
  16  1:03  Drone  
  17  1:22  Extractor, Spawning Pool  
  17  1:23  Drone  
  16  1:26  Drone  
  17  1:39  Drone  
  18  1:46  Drone  
  19  1:55  Drone  
  20  2:08  Overlord  
  20  2:09  Drone x2  
  20  2:10  Queen  
  20  2:13  Queen  
  26  2:21  Overlord  
  26  2:29  Extractor  
  25  2:31  Metabolic Boost  
  25  2:33  Drone  
  25  2:35  Zergling x2  
  27  2:37  Zergling x2  
  28  2:45  Evolution Chamber  
  28  2:46  Zergling x2  
  28  2:47  Zergling x2  
  29  2:53  Drone  
  29  2:54  Drone  
  31  3:00  Zergling x2  
  32  3:15  Zergling x2  
  32  3:16  Drone  
  32  3:17  Overlord  
  34  3:28  Drone  
  34  3:30  Zerg Melee Weapons Level 1  
  35  3:34  Zergling x6  
  35  3:35  Zergling x6  
  35  3:39  Zergling x2  
  42  3:56  Zergling x10  
  42  3:59  Lair  
  47  4:12  Drone, Hatchery  
  47  4:14  Overlord  
  47  4:17  Drone  
  48  4:22  Drone, Zergling x2  
  44  4:47  Zergling x10  
  44  4:48  Zergling x10  
  42  5:02  Zergling x2  
  42  5:03  Zergling x2  
  44  5:08  Zergling x2  
  44  5:13  Zergling x2  
  46  5:23  Evolution Chamber  
  46  5:24  Zerg Ground Armor Level 1  
  45  5:30  Zergling x2  
  45  5:31  Drone x2, Zergling x8  
  49  5:42  Zergling x4  
  49  5:43  Zergling x6  
  49  5:45  Hatchery  
  48  5:52  Zergling x4  
  48  5:54  Queen  
  52  5:59  Zerg Melee Weapons Level 2  
  49  6:13  Zergling x4  
  49  6:14  Zergling x10  
  52  6:21  Zergling x6  
  53  6:29  Zergling x8  
  48  6:36  Zergling x6  
  52  6:40  Drone x2  
  52  6:44  Drone x2  
  52  6:46  Zergling x2  
  56  6:54  Drone x2, Zergling x4  
  59  7:15  Zergling x2  
  59  7:16  Zergling x16  
  59  7:17  Zergling x4  
  60  7:40  Zergling x16  
  60  7:41  Zergling x2  
  64  7:46  Spire  
  64  7:47  Infestation Pit  
  64  7:48  Drone x3, Zergling x2  
  64  7:50  Drone  
  48  8:21  Zergling x10  
  48  8:22  Zergling x8  
  56  8:32  Drone  
  56  8:33  Drone x2  
  48  8:41  Drone x3  
  48  8:42  Zergling x8  
  56  8:55  Drone x4  
  57  9:01  Hive  
  56  9:07  Drone  
  56  9:08  Drone x2, Queen  
  61  9:10  Drone x3  
  61  9:11  Zergling x10  
  69  9:23  Drone  
  70  9:25  Extractor  
  70  9:26  Extractor  
  56  9:31  Drone x2  
  56  9:37  Drone x3  
  56  9:38  Drone x2  
  62  9:40  Extractor  
  62  9:44  Drone x4  
  62  9:45  Drone x2  
  67  9:50  Zergling x4  
  69  9:58  Overlord x4  
  68  10:02  Extractor x2  
  64  10:09  Mutalisk  
  64  10:15  Mutalisk x2  
  62  10:39  Drone, Corruptor x2  
  62  10:40  Drone  
  62  10:41  Drone x4  
  62  10:42  Drone  
  73  10:46  Greater Spire  
  73  11:11  Corruptor  
  73  11:12  Corruptor x3  
  73  11:17  Drone  
  73  11:18  Overlord x8  
  82  11:19  Overlord  
  82  11:33  Overlord x2  
  82  11:34  Overlord  
  82  12:00  Corruptor x7  
  94  12:04  Brood Lord  
  94  12:06  Drone  
  94  12:07  Drone  
  98  12:11  Drone x3  
  101  12:20  Drone x2  
  103  12:23  Brood Lord  
  103  12:24  Brood Lord  
  103  12:29  Zerg Flyer Weapons Level 1  
  107  12:32  Spore Crawler  
  106  12:39  Hatchery  
  106  12:43  Spore Crawler  
  104  12:46  Spore Crawler  
  104  12:48  Drone x2  
  104  12:50  Brood Lord x2  
  109  12:53  Spore Crawler  
  109  12:55  Spine Crawler, Brood Lord  
  90  13:19  Brood Lord x2  
  84  13:26  Drone x2  
  84  13:27  Drone  
  82  13:32  Brood Lord  
  84  13:40  Hatchery  
  83  13:41  Drone  
  84  13:50  Hatchery  
  84  13:51  Brood Lord  
  84  13:54  Drone x8  
  84  13:55  Drone x4  
  97  14:07  Brood Lord x2  
  99  14:24  Hatchery  
  99  14:25  Corruptor x3  
  99  14:45  Drone x6  
  105  14:58  Hatchery  
  80  15:03  Corruptor  
  80  15:04  Corruptor  
  84  15:07  Brood Lord  
  84  15:14  Brood Lord  
  88  15:17  Brood Lord  
  88  15:18  Drone  
  91  15:32  Spine Crawler  
  90  15:41  Drone, Corruptor x2  
  90  15:42  Drone, Corruptor  
Tags
 
Add a new tag
Caveats
  • Supply blocks, unpowered buildings, or Contaminate may cause inaccurate times.
  • Supply counts are checked every 10 seconds.